 Dungeon Crawl Stone Soup version 0.29-a0-817-g9904bce7a6 (webtiles) character file.

Game seed: 2465746515262980970

211 kae the Firebug (level 5, -4/28 HPs)
             Began as a Tengu Fire Elementalist on July 5, 2022.
             Slain by an orc
             ... wielding a +0 mace
              (6 damage)
             ... on level 3 of the Dungeon.
             The game lasted 00:01:37 (2672 turns).

kae the Firebug (Tengu Fire Elementalist)           Turns: 2672, Time: 00:01:38

Health: -4/28      AC:  2    Str:  8    XL:     5   Next: 88%
Magic:  10/10      EV: 14    Int: 18    God:
Gold:   174        SH:  0    Dex: 14    Spells: 0/9 levels left

rFire   . . .      SeeInvis .   l - +1 dagger (venom)
rCold   . . .      Faith    .   (no shield)
rNeg    . . .      Spirit   .   a - +0 robe
rPois   .          Reflect  .   (helmet restricted)
rElec   .          Harm     .   (no cloak)
rCorr   .          Rampage  .   (no gloves)
Will    .....                   (boots unavailable)
Stlth   ++........              (no amulet)
HPRegen 0.09/turn               (no ring)
MPRegen 0.12/turn               (no ring)

@: lethally poisoned (-4 -> -15), flying quickly and evasively, quick
A: beak, talons 3, nimble flight
a: no special abilities


You were on level 3 of the Dungeon.
You visited 1 branch of the dungeon, and saw 3 of its levels.

You collected 174 gold pieces.


Innate Abilities, Weirdness & Mutations

You have a beak for a mouth.
You have claws for feet.
Your magical nature lets you fly swiftly and evasively.


   Skills:
 - Level 2.1 Dodging
 - Level 2.0 Stealth
 + Level 2.9 Spellcasting
 * Level 4.8 Conjurations
 * Level 5.0 Fire Magic


You couldn't memorise any spells.
You knew the following spells:

 Your Spells              Type           Power      Damage    Failure   Level
a - Foxfire               Conj/Fire      80%        2x1d8     2%          1
b - Scorch                Fire           40%        2d7       3%          2
c - Conjure Flame         Conj/Fire      20%        6-21      6%          3
d - Inner Flame           Hex/Fire       11%        N/A       17%         3

Your spell library contained the following spells:

 Spells                   Type           Power      Damage    Failure   Level
 Sting                    Tmut/Pois      8%         1d3       17%         1
 Flame Wave               Conj/Fire      20%        2d7       22%         4
 Fireball                 Conj/Fire      10%        3d6       52%         5

Inventory:

Hand Weapons
 l - a +1 dagger of venom (weapon)
   (You found it on level 2 of the Dungeon)
Missiles
 g - 2 javelins
 i - 32 stones
 n - 3 atropa-tipped darts
Armour
 a - a +0 robe (worn)
 k - a +0 robe
   (You took it off Sigmund on level 2 of the Dungeon)
 o - a +0 robe
   (You found it on level 2 of the Dungeon)
 q - a +0 robe
   (You found it on level 2 of the Dungeon)
Scrolls
 c - 2 scrolls of teleportation {@r4}
Potions
 b - a potion of magic
 d - 2 potions of curing {unknown}
 e - a potion of invisibility {unknown}
 f - a potion of might {unknown}
 j - a potion of brilliance
 m - a potion of cancellation {unknown}
 p - a potion of degeneration {unknown}

Dungeon Overview and Level Annotations

Branches:
Dungeon (3/15) Zot: 15378

Altars:

Annotations:
D:3 Robin

#...... .....
#...... .....
#...... .....$
#...... ......
#......##..))..
............###
......ogg.g....
......o@g...#
..#####o###.#
#.. ####


You could see Robin, an orc priest, 2 orcs, a hobgoblin and 2 goblins.


Message History

You fly upwards.
There is a stone staircase leading down here. 😨 HP[-5] MP[+1]
You take 5 damage, and now have 14/28 hp.
Casting: Foxfire (safe; 2% risk of failure)
Confirm with . or Enter, or press ? or * to list all spells.
Flames lash the goblin.
You kill the goblin!
The hobgoblin closely misses you. The hobgoblin hits you!
* * * LOW HITPOINT WARNING * * *
😱 HP[-7] MP[-2]
You take 7 damage, and now have 7/28 hp.
MASSIVE DAMAGE!! (PAUSE)
You lost 2 mp, and now have 5/10 mp.
Casting: Scorch (safe; 3% risk of failure)
Confirm with . or Enter, or press ? or * to list all spells.
Flames lash the hobgoblin.
The hobgoblin's fire resistance burns away.
The hobgoblin closely misses you.
The hobgoblin closely misses you. 😱 MP[-2]
You lost 2 mp, and now have 3/10 mp.
Casting: Scorch (safe; 3% risk of failure)
Confirm with . or Enter, or press ? or * to list all spells.
Flames lash the hobgoblin.
The hobgoblin is burned terribly!
You kill the hobgoblin! 😱 MP[-2]
You lost 2 mp, and now have 1/10 mp.
Done exploring. 😕 HP[+16] MP[+9]
You regained 16 hp, and now have 23/28 hp.
Your mp is fully restored (10).
Done exploring.
Done exploring.
Done exploring.
You start resting. 😎 HP[+5]
Your hp is fully restored (28).
You fly downwards.
Level annotation: Robin The goblin shouts!
Robin completely misses you. The hobgoblin hits you. The hobgoblin misses you.
There is a stone staircase leading up here. 😕 HP[-2]
You take 2 damage, and now have 26/28 hp.
Robin closely misses you. The hobgoblin hits you.
You fly upwards.
There is a stone staircase leading down, spattered with blood here. 😕 HP[-3]
You take 3 damage, and now have 23/28 hp.
Casting: Scorch (safe; 3% risk of failure)
Confirm with . or Enter, or press ? or * to list all spells.
Flames lash the hobgoblin.
The hobgoblin's fire resistance burns away.
The hobgoblin hits you but does no damage.
The hobgoblin barely misses you.
The hobgoblin closely misses you. x2 😕 MP[-2]
You lost 2 mp, and now have 8/10 mp.
Casting: Scorch (safe; 3% risk of failure)
Confirm with . or Enter, or press ? or * to list all spells.
Flames lash the hobgoblin.
You kill the hobgoblin!
The hobgoblin barely misses you.
The hobgoblin hits you but does no damage. 😕 MP[-2]
You lost 2 mp, and now have 6/10 mp.
Casting: Scorch (safe; 3% risk of failure)
Confirm with . or Enter, or press ? or * to list all spells.
Flames lash the hobgoblin.
The hobgoblin is burned terribly!
You kill the hobgoblin! 😕 HP[+1] MP[-2]
You lost 2 mp, and now have 4/10 mp.
Casting: Scorch (safe; 3% risk of failure)
Confirm with . or Enter, or press ? or * to list all spells.
You can't see any susceptible monsters within range! (Use Z to cast anyway.)
You start resting. 😕 HP[+2] MP[+4]
You regained 2 hp, and now have 26/28 hp.
You regained 4 mp, and now have 8/10 mp.
Done exploring. 😎 HP[+2] MP[+2]
Your hp is fully restored (28).
Your mp is fully restored (10).
You fly downwards.
Level annotation: Robin The orc priest hits you with a +0 dagger.
The orc hits you with a +0 mace.
The orc hits you with a +2 dagger of venom.
You are poisoned.
The orc priest calls down the wrath of Beogh upon you.
Beogh smites you!
* * * LOW HITPOINT WARNING * * *
The goblin hits you but does no damage. The orc barely misses you.
Robin throws the goblin at you!
* * * LOW HITPOINT WARNING * * *
The hobgoblin hits you.
* * * LOW HITPOINT WARNING * * *
The orc hits you with a +0 mace.
You die...

Skill      XL: |  1  2  3  4  5 |
---------------+----------------+-----
Conjurations   | 2 4 |  4.8
Fire Magic     | 4 5 |  5.0
Dodging        | |  2.1
Stealth        | |  2.0
Spellcasting   | |  2.9

Action                   |  1- 3 |  4- 6 || total
-------------------------+-------+-------++-------
 Cast: Foxfire           |    36 |    32 ||    68
       Scorch            |     6 |     7 ||    13
  Use: Scroll            |     4 |     1 ||     5
Armor: Robe              |     2 |     6 ||     8
Dodge: Dodged            |     9 |    16 ||    25

Levels and vault maps discovered:
D:1:      lemuel_arrival_broad_hall, layout_basic
D:2:      layout_loops_ring, uniq_sigmund
D:3:      layout_basic, grunt_temple_overflow_open,
          hellmonk_ecumenical_altar_leap_of_faith, uniq_robin

Notes
Turn   | Place    | Note
-------+----------+-------------------------------------------
     0 | D:1      | kae the Tengu Fire Elementalist began the quest for the
                  | Orb.
     0 | D:1      | Reached XP level 1. HP: 10/10 MP: 4/4
     0 | D:1      | magus.rc [v1.11.3]
    11 | D:1      | You add the spells Sting and Fireball to your library.
    11 | D:1      | Got the Lessons on Remoulded Pyromania
   299 | D:1      | Reached skill level 2 in Conjurations
   299 | D:1      | Reached XP level 2. HP: 15/15 MP: 4/6
   449 | D:1      | Learned a level 2 spell: Scorch
   795 | D:1      | Reached XP level 3. HP: 19/19 MP: 5/7
  1374 | D:2      | Noticed Sigmund
  1379 | D:2      | HP: 4/19 [something (9)]
  1382 | D:2      | Killed Sigmund
  1383 | D:2      | Reached skill level 4 in Conjurations
  1383 | D:2      | Reached skill level 4 in Fire Magic
  1383 | D:2      | Reached XP level 4. HP: 3/24 MP: 0/9
  1383 | D:2      | Gained mutation: Your magical nature lets you fly swiftly
                  | and evasively. [Tengu growth]
  1383 | D:2      | Reached XP level 5. HP: 3/28 MP: 0/10
  1676 | D:2      | Reached skill level 5 in Fire Magic
  1951 | D:2      | Learned a level 3 spell: Conjure Flame
  1955 | D:2      | Learned a level 3 spell: Inner Flame
  2378 | D:3      | Noticed Robin
  2388 | D:2      | HP: 7/28 [hobgoblin[Robin] (7)]
  2672 | D:3      | HP: 6/28 [orc priest/divine providence (11)]
  2672 | D:3      | HP: 2/28 [hobgoblin[Robin] (2)]
  2672 | D:3      | Slain by an orc

Vanquished Creatures
  Sigmund (D:2)
  An adder (D:2)
  8 bats
  5 endoplasms
  A giant cockroach (D:2)
  10 goblins
  8 hobgoblins
  A quokka (D:1)
  2 ball pythons
  4 kobolds (D:1)
  5 rats
46 creatures vanquished.

Vanquished Creatures (others)
  114 foxfires
114 creatures vanquished.

Grand Total: 160 creatures vanquished

Table legend:
 A = Non-vault XP
 B = Vault XP
 C = Vault XP percentage of total XP
 D = Non-vault monster count
 E = Vault monster count
 F = Vault count percentage of total count
                 A         B        C        D         E       F
            +---------+---------+-------+---------+---------+-------
      Total |      72 |     230 |  76.2 |      37 |       9 |  19.6
            +---------+---------+-------+---------+---------+-------
        D:1 |      36 |       0 |   0.0 |      23 |       0 |   0.0
        D:2 |      36 |     222 |  86.0 |      14 |       5 |  26.3
        D:3 |       0 |       8 | 100.0 |       0 |       4 | 100.0
            +---------+---------+-------+---------+---------+-------

Illustrated notes

Table legend:
 A = Kills in this place as a percentage of kills in entire the game.
 B = Kills by you in this place as a percentage of kills by you in the entire game.
 C = Kills by friends in this place as a percentage of kills by friends in the entire game.
 D = Other kills in this place as a percentage of other kills in the entire game.
 E = Experience gained in this place as a percentage of experience gained in the entire game.
 F = Experience gained in this place divided by the number of levels of this place that you have seen.
                   A       B       C       D       E      F
               +-------+-------+-------+-------+-------+----------------------
         Total | 100.0 | 100.0 |   N/A |   N/A | 100.0 | 100.7
       Dungeon | 100.0 | 100.0 |   N/A |   N/A | 100.0 | 100.7
               +-------+-------+-------+-------+-------+----------------------

Table legend: (Time is in decaauts)
 A = Elapsed time spent in this place.
 B = Non-inter-level travel time spent in this place.
 C = Inter-level travel time spent in this place.
 D = Time resting spent in this place.
 E = Time spent auto-exploring this place.
 F = Levels seen in this place.
 G = Mean time per level.
                   A        B        C        D        E       F      G
               +--------+--------+--------+--------+--------+-----+--------+
         Total |   2619 |   2531 |     88 |     84 |   2173 |   3 |  873.0 |
       Dungeon |   2619 |   2531 |     88 |     84 |   2173 |   3 |  873.0 |
               +--------+--------+--------+--------+--------+-----+--------+

Top non-repeatable levels by time:
     D:2: 1400 daAuts
     D:1: 1207 daAuts
     D:3: 12 daAuts
